 Dungeon Crawl Stone Soup version 0.31-a0-825-gf28bc0971e (webtiles) character file.

Game seed: 2373410495621406007

970 qw the Skirmisher (level 8, -7/49 HPs)
             Began as a Gargoyle Hunter on Sept 23, 2023.
             Was an Initiate of Okawaru.
             Mangled by a rust devil (8 damage)
             ... summoned by a kobold demonologist
             ... on level 6 of the Dungeon.
             The game lasted 00:01:51 (4537 turns).

qw the Skirmisher (Gargoyle Hunter)                 Turns: 4537, Time: 00:01:52

Health: -7/49      AC:  0    Str: 14    XL:     8   Next: 16%
Magic:  8/8        EV: 12    Int: 11    God:    Okawaru [......]
Gold:   226        SH:  0    Dex: 15    Spells: 7/7 levels left

rFire   . . .        Y - +0 shortbow
rCold   . . .        (shield currently unavailable)
rNeg    + . .        e - +3 leather armour
rPois   inf          (no helmet)
rElec   +            p - +0 cloak
rCorr   .            a - +0 pair of gloves
SInv    .            g - +0 pair of boots
Will    .....        (no amulet)
Stlth   ++           b - +4 ring of slaying {mikee}
HPRegen 0.28/turn    (no ring)
MPRegen 0.11/turn

%: no passive effects
@: corroded
A: sickness immunity, AC +5, negative energy resistance 1, electricity
resistance, torment resistance 1, petrification resistance
a: Renounce Religion


You were on level 6 of the Dungeon.
You worshipped Okawaru.
Okawaru was noncommittal.
You visited 2 branches of the dungeon, and saw 7 of its levels.

You collected 313 gold pieces.
You spent 87 gold pieces at shops.


Innate Abilities, Weirdness & Mutations

You are immune to sickness and miasma.
Your stone body is resilient. (AC +5)
You are immune to poison.
You resist negative energy. (rN+)
You are resistant to electric shocks. (rElec)
You are resistant to unholy torment.
You are immune to petrification.


   Skills:
 - Level 5.2 Fighting
 + Level 8.3 Ranged Weapons
 - Level 2.0 Armour
 - Level 2.6 Dodging
 - Level 1.1 Stealth


You had 7 spell levels left.
You didn't know any spells.
Your spell library was empty.

Inventory:

Hand Weapons
 Y - a +0 shortbow (weapon)
Armour
 a - a +0 pair of gloves (worn)
 e - a +3 leather armour (worn)
 g - a +0 pair of boots (worn)
 p - a +0 cloak (worn)
Jewellery
 b - a +4 ring of slaying (left hand) {mikee}
Scrolls
 h - 2 scrolls of identify
Potions
 c - 2 potions of degeneration {unknown}
 d - a potion of enlightenment
 m - 2 potions of curing
 q - a potion of mutation

Dungeon Overview and Level Annotations

Branches:
Dungeon (6/15)             Temple (1/1) D:6

Altars:
Dithmenos
Fedhas
Hepliaklqana
Makhleb
Nemelex Xobeh
Okawaru
Qazlal
Ru
Sif Muna
Uskayaw
Wu Jian
Xom
Yredelemnul
Zin
The Shining One

Shops:
D:4 =(:*

Annotations:
D:3 2 transporters
D:5 2 runed translucent doors


Message History

The arrow hits the rust devil but does no damage.
The ufetubus misses you. The ufetubus barely misses you. x2
The ufetubus closely misses you.
You shoot an arrow. The arrow hits the rust devil.
The rust devil is lightly wounded.
The ufetubus barely misses you. The ufetubus closely misses you.
The rust devil hits you. The rust devil corrodes you!
You shoot an arrow. The arrow barely misses the rust devil.
The ufetubus hits you but does no damage.
The ufetubus barely misses you.
The ufetubus hits you but does no damage.
The ufetubus closely misses you. The rust devil hits you.
The rust devil corrodes you!
You shoot an arrow.
The arrow hits the rust devil but does no damage.
The rust devil is lightly wounded.
The ufetubus closely misses you.
The ufetubus hits you but does no damage.
The rust devil hits you! The rust devil corrodes you!
You shoot an arrow.
The arrow closely misses the rust devil.
The smoke demon disappears in a puff of smoke!
The ufetubus hits you but does no damage.
The ufetubus hits you. The ufetubus closely misses you. x2
The rust devil hits you. The rust devil corrodes you!
You shoot an arrow.
The arrow closely misses the rust devil.
The ufetubus barely misses you. The ufetubus closely misses you.
The kobold demonologist miscasts a cantrip.
The rust devil hits you. The rust devil corrodes you!
You shoot an arrow. The arrow hits the rust devil.
The rust devil is lightly wounded.
The ufetubus hits you. x2
The kobold demonologist gestures wildly while chanting.
The ufetubus hits you. x2; The rust devil closely misses you.
You shoot an arrow. The arrow hits the rust devil.
The rust devil is lightly wounded.
The ufetubus disappears in a puff of smoke!
The rust devil hits you!
You die...

......##.........##....##...##...
....[.......................#####
.............................#
...........####'###..........#
......##...##....##....##...##
......##.........##....######
.......#.......5.#......#
.......#.......4.#......#
.......#.......K@#......# ###+##
#######)####.....#
##...##.¤K.##.....#
#....(..)...#..)..#
#..........##....##
#..........###'##.#####
#...........#.....#...##
#...)##....##..........#
##.))##...[##.........#####


You could see a rust devil (summoned), a kobold demonologist and a crimson imp
(summoned).

Vanquished Creatures
  A water moccasin (D:6)
  A sky beast (D:6)
  A centaur (D:5)
  2 scorpions (D:5)
  3 wights (D:6)
  A howler monkey (D:5)
  A hound (D:5)
  An orc priest (D:6)
  A jelly (D:5)
  2 sleepcaps (D:6)
  An iguana (D:4)
  7 adders
  A shadow imp (D:6)
  A white imp (D:6)
  2 worms
  13 dart slugs
  5 orcs
  8 bats
  8 endoplasms
  6 giant cockroaches
  4 goblins
  8 hobgoblins
  4 jackals (D:2)
  3 quokkas
  7 ball pythons
  5 frilled lizards (D:1)
  12 kobolds
  6 rats
115 creatures vanquished.

Notes
Turn   | Place    | Note
-------+----------+-------------------------------------------
     0 | D:1      | qw the Gargoyle Hunter began the quest for the Orb.
     0 | D:1      | Reached XP level 1. HP: 12/12 MP: 1/1
     0 | D:1      | 0 ||| qw: Version: 0.3-a-83-gcd0e7d8
     0 | D:1      | 0 ||| qw: Game counter: 1806
     0 | D:1      | 0 ||| qw: Melee chars always use a shield: true
     0 | D:1      | 0 ||| qw: God list: Okawaru
     0 | D:1      | 0 ||| qw: Allow faded altars: false
     0 | D:1      | 0 ||| qw: Do Orc after clearing Dungeon:15 true
     0 | D:1      | 0 ||| qw: Do second Lair branch before Depths: true
     0 | D:1      | 0 ||| qw: Lair rune preference: random
     0 | D:1      | 0 ||| qw: Goals: Normal
     0 | D:1      | 0 ||| PLANNING D:1-11
   193 | D:1      | Reached XP level 2. HP: 17/17 MP: 2/2
   766 | D:1      | Reached XP level 3. HP: 20/21 MP: 3/3
   798 | D:1      | 798 ||| UPGRADING to +0 pair of boots.
   803 | D:1      | 803 ||| READING scroll labelled ANIRHE MYUME.
   804 | D:1      | 804 ||| READING scroll labelled ZOLLYMAEKUSK.
   805 | D:1      | 805 ||| READING scroll labelled VURO JEDITTANU.
   806 | D:1      | 806 ||| READING scroll labelled HOTSYTZACUX.
   807 | D:1      | 807 ||| READING scroll labelled DUUVUNK MIECO.
   808 | D:1      | 808 ||| DROPPING scroll of butterflies.
   837 | D:2      | Reached skill level 5 in Ranged Weapons
   841 | D:2      | 841 ||| STAIRDANCE
   867 | D:2      | Reached skill level 3 in Fighting
  1029 | D:2      | Reached XP level 4. HP: 28/28 MP: 4/4
  1086 | D:2      | HP: 7/28 [hobgoblin (3)]
  1091 | D:2      | HP: 5/28 [kobold/+0 short sword (1)]
  1447 | D:2      | 1447 ||| DRINKING 2 pink potions.
  1448 | D:2      | 1448 ||| DRINKING 2 bubbling white potions.
  1492 | D:3      | 1492 ||| STAIRDANCE
  1692 | D:3      | Found a transporter.
  1780 | D:3      | Found a transporter.
  1787 | D:3      | 1787 ||| UPGRADING to +0 pair of gloves.
  1989 | D:3      | 1989 ||| UPGRADING to +4 ring of slaying {mikee}.
  2051 | D:4      | Found Gadd's Book Emporium.
  2059 | D:4      | Reached skill level 1 in Armour
  2059 | D:4      | Reached XP level 5. HP: 30/32 MP: 5/5
  2285 | D:4      | Found a sacrificial altar of Ru.
  2410 | D:4      | Reached skill level 6 in Ranged Weapons
  2538 | D:4      | Found Rolos's Assorted Antiques.
  2546 | D:4      | 2546 ||| BUYING fizzy ruby potion (27 gold).
  2546 | D:4      | Bought a fizzy ruby potion for 27 gold pieces
  2546 | D:4      | 2546 ||| BUYING scroll labelled PUYKKY ZU MAH (30 gold).
  2546 | D:4      | Bought a scroll labelled PUYKKY ZU MAH for 30 gold pieces
  2546 | D:4      | 2546 ||| BUYING scroll labelled XELOYCYXOA (30 gold).
  2546 | D:4      | Bought a scroll labelled XELOYCYXOA for 30 gold pieces
  2714 | D:4      | Found Hughyuq's Jewellery Shop.
  2718 | D:4      | 2718 ||| SHOPLISTING +4 ring of protection (468 gold, have
                  | 98).
  2718 | D:4      | 2718 ||| SHOPLISTING +5 ring of evasion (468 gold, have
                  | 98).
  2718 | D:4      | 2718 ||| SHOPLISTING ring "Ytoklu" {Fire Dex+2} (470 gold,
                  | have 98).
  2718 | D:4      | 2718 ||| SHOPLISTING ring of positive energy (260 gold,
                  | have 98).
  2751 | D:4      | Found Fienk's Weapon Emporium.
  2756 | D:4      | 2756 ||| SHOPLISTING +4 heavy arbalest (391 gold, have 98).
  2812 | D:4      | 2812 ||| UPGRADING to +0 ring mail.
  2822 | D:4      | 2822 ||| DROPPING +0 leather armour.
  2823 | D:4      | 2823 ||| UPGRADING to +0 cloak.
  2828 | D:4      | 2828 ||| READING scroll labelled ZYOGHIUTIS.
  2832 | D:4      | 2832 ||| READING 3 scrolls labelled PUYKKY ZU MAH.
  2833 | D:4      | 2833 ||| READING scroll labelled CUJET GAKURA.
  2834 | D:4      | 2834 ||| READING scroll labelled XELOYCYXOA.
  2835 | D:4      | 2835 ||| DRINKING 2 fizzy ruby potions.
  2882 | D:4      | 2882 ||| DRINKING 2 sedimented brown potions.
  2883 | D:4      | 2883 ||| READING 2 scrolls of identify.
  2883 | D:4      | 2883 ||| IDENTIFYING bubbling sapphire potion
  2884 | D:4      | 2884 ||| DROPPING potion of lignification.
  2885 | D:4      | 2885 ||| DROPPING potion of invisibility.
  2886 | D:4      | 2886 ||| DROPPING potion of brilliance.
  2927 | D:5      | Entered Level 5 of the Dungeon
  3027 | D:5      | Noticed a centaur
  3033 | D:5      | Killed a centaur
  3034 | D:5      | Reached XP level 6. HP: 21/39 MP: 6/6
  3242 | D:5      | 3242 ||| Stepping ~*~*~tactically~*~*~ (water).
  3249 | D:5      | Found a large runed translucent door.
  3250 | D:5      | Found a large runed translucent door.
  3293 | D:5      | Identified the +6 quarterstaff of Causality {protect, rF+
                  | Dex+2}
  3435 | D:5      | Reached skill level 7 in Ranged Weapons
  3435 | D:5      | Reached XP level 7. HP: 44/44 MP: 7/7
  3862 | D:5      | 3862 ||| UPGRADING to +3 leather armour.
  3872 | D:5      | 3872 ||| DROPPING +0 ring mail.
  3873 | D:5      | 3873 ||| READING scroll labelled RIPAUCK ROORU.
  3874 | D:5      | 3874 ||| READING 4 scrolls of identify.
  3874 | D:5      | 3874 ||| IDENTIFYING lumpy black potion
  3875 | D:5      | 3875 ||| READING 3 scrolls of identify.
  3875 | D:5      | 3875 ||| IDENTIFYING fizzy silvery potion
  3876 | D:5      | 3876 ||| READING 2 scrolls of identify.
  3876 | D:5      | 3876 ||| IDENTIFYING emerald potion
  3877 | D:5      | 3877 ||| DROPPING potion of berserk rage.
  3967 | D:6      | Found a staircase to the Ecumenical Temple.
  3968 | D:6      | 3968 ||| PLANNING TEMPLE
  3979 | Temple   | Entered the Ecumenical Temple
  3980 | Temple   | 3980 ||| PLANNING OKAWARU WORSHIP
  4007 | Temple   | Became a worshipper of Warmaster Okawaru
  4008 | Temple   | 4008 ||| PLANNING D:1-11
  4087 | D:6      | Found a shadowy altar of Dithmenos.
  4106 | D:6      | Reached skill level 8 in Ranged Weapons
  4154 | D:6      | HP: 10/44 [wight/+5 dire flail of freezing (2)]
  4155 | D:6      | 4155 ||| READING scroll of teleportation.
  4155 | D:6      | HP: 2/44 [wight/+5 dire flail of freezing (3)]
  4156 | D:6      | 4156 ||| DRINKING potion of heal wounds.
  4469 | D:6      | Reached XP level 8. HP: 49/49 MP: 8/8
  4505 | D:6      | Noticed a kobold demonologist
  4513 | D:6      | Noticed an orange demon
  4513 | D:6      | 4513 ||| Stepping ~*~*~tactically~*~*~ (retreating).
  4514 | D:6      | Noticed a smoke demon
  4514 | D:6      | 4514 ||| Stepping ~*~*~tactically~*~*~ (retreating).
  4515 | D:6      | 4515 ||| Stepping ~*~*~tactically~*~*~ (retreating).
  4516 | D:6      | 4516 ||| Stepping ~*~*~tactically~*~*~ (retreating).
  4517 | D:6      | 4517 ||| Stepping ~*~*~tactically~*~*~ (retreating).
  4518 | D:6      | 4518 ||| Stepping ~*~*~tactically~*~*~ (retreating).
  4519 | D:6      | 4519 ||| Stepping ~*~*~tactically~*~*~ (retreating).
  4520 | D:6      | 4520 ||| Stepping ~*~*~tactically~*~*~ (retreating).
  4521 | D:6      | 4521 ||| Stepping ~*~*~tactically~*~*~ (retreating).
  4522 | D:6      | 4522 ||| Stepping ~*~*~tactically~*~*~ (retreating).
  4528 | D:6      | Noticed a rust devil
  4536 | D:6      | HP: 12/49 [ufetubus[a kobold demonologist] (2)]
  4536 | D:6      | HP: 4/49 [ufetubus[a kobold demonologist] (5)]
  4536 | D:6      | HP: 1/49 [ufetubus[a kobold demonologist] (3)]
  4537 | D:6      | Mangled by a rust devil

Levels and vault maps discovered:
D:1:      dpeg_arrival_prison, layout_basic
D:2:      layout_rooms, serial_glass, glass_columns_a, glass_columns_b,
          kennysheep_pointless_box, minmay_bisected
D:3:      gammafunk_wand_slinger, layout_rooms, serial_bayou_crossing
D:4:      layout_gridville, nicolae_ru_awakened_eye, serial_shops, shop, shop,
          nicolae_shop_just_a_little_nook, shop, hangedman_decor_push
D:5:      kennysheep_slugbush, layout_gridville, jmf_multi_god_temple2
D:6:      layout_gridville, overflow_temple_1_default, temple_statues,
          minmay_hedge_maze, grunt_ministairs_6
Temple:   oiseaux_autumnal_temple

Skill      XL: |  1  2  3  4  5  6  7 |
---------------+----------------------+-----
Ranged Weapons | 5 6 7 8 |  8.3
Fighting       | 3 4 5 |  5.2
Armour         | 1 2 |  2.0
Dodging        | 2 |  2.6
Stealth        | |  1.1

Action                     |  1- 3 |  4- 6 |  7- 9 || total
---------------------------+-------+-------+-------++-------
   Fire: Shortbow          |   102 |   202 |   112 ||   416
    Use: Scroll            |     5 |     5 |     5 ||    15
         Potion            |       |     4 |     1 ||     5
 Armour: Leather armour    |    28 |    50 |    60 ||   138
         Ring mail         |       |    14 |    11 ||    25
  Dodge: Dodged            |    22 |    54 |    55 ||   131

Table legend:
 A = Non-vault XP
 B = Vault XP
 C = Vault XP percentage of total XP
 D = Non-vault monster count
 E = Vault monster count
 F = Vault count percentage of total count
                 A         B        C        D         E       F
            +---------+---------+-------+---------+---------+-------
      Total |    1177 |     209 |  15.1 |      95 |      20 |  17.4
            +---------+---------+-------+---------+---------+-------
        D:1 |      43 |       7 |  14.0 |      23 |       4 |  14.8
        D:2 |      61 |       7 |  10.3 |      19 |       4 |  17.4
        D:3 |      38 |       0 |   0.0 |      18 |       0 |   0.0
        D:4 |      75 |       0 |   0.0 |      11 |       0 |   0.0
        D:5 |     454 |      44 |   8.8 |       9 |      11 |  55.0
        D:6 |     506 |     151 |  23.0 |      15 |       1 |   6.2
            +---------+---------+-------+---------+---------+-------
